AoeStats
← Phil100k

Arena

506415585Analyzed
4v4 RM · 18d ago on Sep 13, 2026· 72m 58s· 8 players
Game mode
Random Map
Map size
Large (8 player)
Population
200
Speed
Normal
Resources
Standard
Victory
Conquest
Starting age
Dark Age
Ending age
Imperial Age
RankedLock teamsTeams togetherTeam positionsShared explorationLock speedFull tech treeHidden civsTurbo modeCheats
Victory
Defeat
🇨🇳 Armenians · China
1193
+11
🇨🇳 Chinese · China
1105
+14
🇦🇷 Cumans · Argentina
1075
+15
🇨🇳 Lithuanians · China
1019
+18
🇹🇷 Vikings · Türkiye
1120
-17
🇷🇺 Spanish · Russia
1116
-17
🇩🇪 Saracens · Germany
1039
-13
🇬🇧 Inca · United Kingdom
979
-11
Krösa Maja
11:18 Feudal Age
10:21 Loom
15:42 Castle Age
13:48 Double-Bit Axe
13:59 Horse Collar
17:01 Bow Saw
20:56 Gold Mining
21:19 Heavy Plow
22:50 Wheelbarrow
22:23 Gold Mining
23:32 Town Watch
28:07 Imperial Age
25:41 Stone Mining
27:02 Hand Cart
26:46 Fletching
27:03 Husbandry
27:38 Bloodlines
27:31 Padded Archer Armor
28:20 Bodkin Arrow
30:15 Two-Man Saw
29:17 Bracer
30:00 Ballistics
30:13 Elite Mameluke
32:13 Chemistry
31:30 Leather Archer Armor
32:49 Conscription
32:51 Thumb Ring
33:26 Ring Archer Armor
33:56 Scale Barding Armor
36:23 Chain Barding Armor
36:00 Murder Holes
36:33 Parthian Tactics
38:25 Plate Barding Armor
38:35 Forging
39:02 Scale Mail Armor
41:19 Iron Casting
42:14 Gold Shaft Mining
44:04 Blast Furnace
49:46 Light Cavalry
50:25 Hussar
LiMe86
12:10 Loom
14:05 Feudal Age
15:54 Horse Collar
16:11 Double-Bit Axe
18:55 Champi Runner
20:01 Forging
19:53 Scale Mail Armor
24:21 Castle Age
23:38 Fletching
31:32 Iron Casting
35:38 Heavy Plow
36:18 Squires
41:36 Chain Mail Armor
43:08 Wheelbarrow
42:49 Pikeman
45:37 Bow Saw
47:36 Hand Cart
50:39 Imperial Age
48:09 Gold Mining
50:32 Gold Shaft Mining
50:25 Town Watch
50:31 Arson
52:39 Blast Furnace
52:09 Plate Mail Armor
51:55 Elite Skirmisher
53:22 Thumb Ring
53:13 Fletching
53:24 Padded Archer Armor
54:20 Crop Rotation
55:01 Ballistics
55:57 Conscription
57:58 Halberdier
58:26 Elite Kamayuk
66:08 Champi Warrior
M0nero
0:30 Loom
13:07 Feudal Age
17:14 Castle Age
15:03 Double-Bit Axe
15:02 Horse Collar
16:18 Gold Mining
27:48 Wheelbarrow
29:09 Husbandry
33:07 Imperial Age
31:12 Fletching
31:23 Padded Archer Armor
31:36 Bloodlines
34:04 Stone Mining
34:01 Town Watch
36:57 Chemistry
37:30 Leather Archer Armor
37:11 Bodkin Arrow
38:39 Elite Conquistador
40:34 Herbal Medicine
41:45 Ring Archer Armor
41:15 Bracer
41:42 Ballistics
43:27 Masonry
50:16 Bombard Tower
59:30 Scale Barding Armor
59:36 Forging
59:47 Light Cavalry
61:24 Conscription
60:35 Hussar
60:40 Hussar
berker06ankara
11:40 Feudal Age
13:40 Double-Bit Axe
13:44 Horse Collar
16:50 Castle Age
15:11 Stone Mining
15:19 Gold Mining
18:05 Bow Saw
17:59 Heavy Plow
19:23 Gold Shaft Mining
27:02 Man-at-Arms
27:43 Squires
27:29 Arson
27:30 Gambesons
27:53 Chieftains
28:08 Town Watch
28:08 Loom
31:38 Imperial Age
28:46 Long Swordsman
29:42 Scale Mail Armor
29:53 Forging
29:44 Padded Archer Armor
29:34 Fletching
30:46 Chain Mail Armor
31:57 Iron Casting
31:34 Town Patrol
31:20 Loom
31:45 Capped Ram
31:52 Two-Handed Swordsman
33:03 Plate Mail Armor
32:35 Padded Archer Armor
32:25 Fletching
33:01 Conscription
33:43 Two-Man Saw
33:16 Crop Rotation
33:35 Siege Ram
35:20 Blast Furnace
34:33 Padded Archer Armor
34:23 Fletching
34:39 Scale Barding Armor
34:16 Champion
36:47 Pikeman
40:14 Onager
47:18 Leather Archer Armor
47:00 Bodkin Arrow
63:16 Bracer
64:38 Ring Archer Armor
Phil100k
12:03 Feudal Age
15:48 Castle Age
13:42 Double-Bit Axe
13:45 Horse Collar
16:02 Gold Mining
18:49 Fervor
18:57 Light Cavalry
19:49 Bloodlines
21:28 Forging
22:59 Scale Barding Armor
22:51 Loom
25:06 Bow Saw
24:58 Heavy Plow
27:30 Wheelbarrow
35:28 Imperial Age
33:21 Fortified Wall
34:33 Stone Mining
35:22 Chain Barding Armor
35:38 Iron Casting
35:38 Husbandry
36:32 Hand Cart
36:14 Cavalier
37:54 Crop Rotation
40:12 Plate Barding Armor
39:28 Fletching
39:39 Padded Archer Armor
39:09 Winged Hussar
42:31 Two-Man Saw
42:16 Paladin
43:25 Bodkin Arrow
43:45 Leather Archer Armor
43:54 Conscription
44:38 Chemistry
43:59 Ballistics
43:21 Treadmill Crane
44:33 Elite Leitis
45:14 Tower Shields
45:50 Hoardings
45:30 Masonry
45:16 Murder Holes
55:28 Architecture
55:19 Bombard Tower
59:14 Heated Shot
59:14 Guard Tower
一中大俨哥
11:59 Feudal Age
12:56 Loom
13:02 Loom
13:53 Double-Bit Axe
13:52 Horse Collar
22:37 Wheelbarrow
29:49 Castle Age
30:26 Forging
30:22 Scale Barding Armor
32:30 Bloodlines
33:41 Iron Casting
33:27 Chain Barding Armor
33:13 Gold Mining
33:41 Hand Cart
38:08 Imperial Age
38:22 Cavalier
40:18 Blast Furnace
39:54 Plate Barding Armor
40:23 Blast Furnace
40:41 Gold Shaft Mining
39:49 Paladin
44:00 Light Cavalry
46:08 Conscription
48:43 Hussar
schg20000106
0:38 Loom
11:01 Feudal Age
12:38 Double-Bit Axe
15:32 Castle Age
13:32 Horse Collar
20:50 Heavy Plow
24:13 Bow Saw
24:46 Wheelbarrow
25:55 Gold Mining
25:58 Stone Mining
27:46 Gold Shaft Mining
27:46 Stone Shaft Mining
30:12 Imperial Age
27:44 Fletching
27:54 Padded Archer Armor
28:18 Ballistics
28:37 Fortified Wall
29:22 Bodkin Arrow
29:42 Leather Archer Armor
28:50 Crossbowman
29:36 Thumb Ring
29:29 Murder Holes
32:19 Chemistry
31:24 Bracer
31:45 Arbalester
32:51 Great Wall
34:18 Conscription
34:32 Ring Archer Armor
34:17 Arrowslits
34:45 Masonry
37:12 Two-Man Saw
35:55 Elite Chu Ko Nu
36:41 Great Wall
39:19 Hand Cart
59:14 Caravan
69:01 Heavy Rocket Cart
69:04 Capped Ram
69:59 Siege Ram
国一法兰克
12:06 Feudal Age
12:20 Man-at-Arms
13:08 Double-Bit Axe
13:05 Horse Collar
14:21 Wheelbarrow
13:09 Long Swordsman
20:22 Scale Mail Armor
20:33 Forging
24:35 Castle Age
29:33 Bow Saw
29:14 Gold Mining
32:29 Imperial Age
30:03 Stone Mining
30:03 Gold Mining
31:28 Fortified Wall
31:30 Masonry
31:00 Pikeman
31:40 Squires
31:26 Arson
31:27 Gambesons
33:28 Chain Mail Armor
33:48 Iron Casting
33:53 Gold Shaft Mining
34:28 Conscription
36:00 Hoardings
35:52 Ballistics
36:30 Plate Mail Armor
37:00 Blast Furnace
37:02 Elite Skirmisher
37:47 Halberdier
38:40 Padded Archer Armor
38:30 Fletching
39:57 Leather Archer Armor
40:04 Bodkin Arrow
41:38 Chemistry
41:31 Ring Archer Armor
44:42 Hand Cart
45:58 Ring Archer Armor
45:28 Bracer
58:03 Blast Furnace
60:55 Elite Composite Bowman
61:12 Two-Handed Swordsman
61:13 Halberdier
62:20 Champion
74:22 Chemistry
Connection lost

Rejoining the realm…

Still unreachable

The connection could not be restored.

Session expired

The server has moved on; the page needs a fresh start.